 Dungeon Crawl Stone Soup version 0.29-a0-284-gf9362112df (webtiles) character file.

Game seed: 4184006569643530271

441 marklar909 the Slasher (level 6, 0/51 HPs)
             Began as a Palentonga Abyssal Knight on Mar 22, 2022.
             Was a Priest of Lugonu.
             Slain by a lemure (1 damage)
             ... led by Pikel
             ... on level 4 of the Dungeon.
             The game lasted 00:12:12 (6664 turns).

marklar909 the Slasher (Palentonga Abyssal Knight)  Turns: 6664, Time: 00:12:12

Health: 0/51       AC:  6    Str: 18    XL:     6   Next: 70%
Magic:  7/7        EV:  8    Int: 10    God:    Lugonu [***...]
Gold:   293        SH:  0    Dex: 11    Spells: 4/6 levels left

rFire   . . .      SeeInvis +   a - +1 falchion
rCold   . . .      Faith    .   (no shield)
rNeg    . . .      Spirit   .   j - +0 scale mail
rPois   .          Reflect  .   (no helmet)
rElec   .          Harm     .   (no cloak)
rCorr   .          Rampage  .   (no gloves)
Will    .....                   (no barding)
Stlth   ..........              (no amulet)
HPRegen 0.17/turn               (no ring)
MPRegen 0.10/turn               (no ring)

@: studying Spellcasting
A: large, rugged brown scales 3, see invisible, deformed body, roll 1, armoured
tail
a: Rolling Charge, Renounce Religion, Depart the Abyss, Bend Space, Banish


You were on level 4 of the Dungeon.
You worshipped Lugonu.
Lugonu was most pleased with you.
You visited 1 branch of the dungeon, and saw 5 of its levels.
You visited the Abyss 1 time.

You collected 293 gold pieces.

Inventory:

Hand Weapons
 a - a +1 falchion (weapon)
Missiles
 n - 3 boomerangs (quivered)
Armour
 j - a +0 scale mail (worn)
Jewellery
 m - a ring of poison resistance
Wands
 r - a wand of mindburst (6)
Scrolls
 b - a scroll of magic mapping {unknown}
 c - a scroll of enchant weapon {unknown}
 e - a scroll of amnesia {unknown}
 h - 3 scrolls of teleportation
 l - a scroll of identify
 q - a scroll of fog {unknown}
 u - a scroll of silence {unknown}
 v - a scroll of holy word
 w - a scroll of enchant armour {unknown}
Potions
 f - 2 potions of might
 g - a potion of heal wounds
 i - a potion of mutation
 k - a potion of curing
 o - a potion of resistance
 p - a potion of brilliance {unknown}
 s - a potion of cancellation {unknown}
 t - a potion of haste {unknown}


   Skills:
 * Level 4.2 Fighting
 + Level 4.5 Long Blades
 + Level 0.1 Throwing
 + Level 3.1 Armour
 + Level 1.7 Dodging
 + Level 1.1 Stealth
 * Level 0.9 Spellcasting
 * Level 2.2 Invocations
 + Level 0.3 Evocations


You had 4 spell levels left.
You knew the following spells:

 Your Spells              Type           Power      Damage    Failure   Level
a - Searing Ray           Conj           0%         2d4       86%         2

Your spell library contained the following spells:

 Spells                   Type           Power      Damage    Failure   Level
 Animate Skeleton         Necr           0%         N/A       73%         1
 Apportation              Tloc           0%         N/A       73%         1
 Magic Dart               Conj           0%         1d3       73%         1
 Shock                    Conj/Air       0%         1d3       73%         1
 Summon Small Mammal      Summ           0%         N/A       73%         1
 Swiftness                Air            0%         N/A       97%         3
 Airstrike                Air            0%         N/A       100%        4
 Fulminant Prism          Conj/Hex       0%         3d6       100%        4


Dungeon Overview and Level Annotations

Branches:
Dungeon (5/15)
 Temple: D:4-7

Altars:
Makhleb
Nemelex Xobeh
Qazlal
The Shining One

Annotations:
D:5 Grinder, Pikel


Innate Abilities, Weirdness & Mutations

You are completely covered in rugged brown scales. (AC +3, +7% HP)
You have supernaturally acute eyesight. (SInv)
Armour fits poorly on your strangely shaped body.
You can roll at nearby foes to attack.
You have a long armoured tail.


Message History

You barely miss the lemure.
The lemure is almost dead.
The lemure hits you.
* * * LOW HITPOINT WARNING * * *
You hit the lemure but do no damage.
The lemure is almost dead.
The lemure barely misses you.
You hit the lemure but do no damage.
The lemure is almost dead.
The lemure hits you but does no damage.
You hit the lemure but do no damage.
The lemure is almost dead.
The lemure hits you but does no damage. The lemure attacks as you move away!
The lemure barely misses you. The lemure attacks as you move away!
The lemure hits you.
* * * LOW HITPOINT WARNING * * *
The lemure attacks as you move away! The lemure barely misses you.
The lemure attacks as you move away! The lemure hits you but does no damage.
The lemure attacks as you move away! The lemure hits you!
* * * LOW HITPOINT WARNING * * *
The lemure attacks as you move away! The lemure barely misses you.
The lemure attacks as you move away! The lemure barely misses you.
The lemure attacks as you move away! The lemure closely misses you.
The lemure attacks as you move away! The lemure barely misses you.
The lemure attacks as you move away! The lemure barely misses you.
The lemure attacks as you move away! The lemure hits you but does no damage.
The lemure attacks as you move away! The lemure hits you.
* * * LOW HITPOINT WARNING * * *
There is a stone staircase leading up here.
The lemure hits you.
* * * LOW HITPOINT WARNING * * *
You climb upwards.
There is a stone staircase leading down here.
The lemure barely misses you. The lemure attacks as you move away!
The lemure hits you.
* * * LOW HITPOINT WARNING * * *
Okay, then.
There's nothing you can charge at! The lemure hits you.
You die...

#.# #.# #.# #.#
#.##### #.....###
#.......##############
#.....................
#....@.############.##
#.####5# #.# #.#
#.#### ###'## #.#
#....# #..... #.#
#.##.# #..... #.#
#.##.# #..... #.#
#.##.# ###.## #)#
#.##.# #.# #.# #.##.#
#.#


You could see a lemure.

Vanquished Creatures
  A sky beast (D:5)
  An ogre (D:5)
  A scorpion (D:4)
  A howler monkey (D:4)
  An iguana (D:5)
  6 adders
  An ufetubus (D:4)
  2 dart slugs
  6 orcs (D:4)
  5 ball pythons
  7 endoplasms
  A giant cockroach (D:4)
  9 hobgoblins
  9 jackals
  6 quokkas
  5 bats
  9 goblins
  6 kobolds
  3 rats
80 creatures vanquished.

Notes
Turn   | Place    | Note
-------+----------+-------------------------------------------
     0 | Abyss:1  | marklar909 the Palentonga Abyssal Knight began the quest
                  | for the Orb.
     0 | Abyss:1  | Reached XP level 1. HP: 19/19 MP: 2/2
    79 | Abyss:2  | Noticed a tentacled starspawn
    84 | D:1      | Escaped the Abyss
   138 | D:1      | Noticed a hound
   138 | D:1      | Noticed a swamp drake
   139 | D:1      | Noticed a swamp worm
   478 | D:1      | Reached ** piety under Lugonu
   656 | D:1      | Reached XP level 2. HP: 17/25 MP: 3/3
  1507 | D:1      | Found a faded altar of an unknown god.
  1520 | D:1      | Reached skill level 1 in Dodging
  2128 | D:2      | Reached XP level 3. HP: 21/31 MP: 4/4
  3355 | D:3      | Reached XP level 4. HP: 24/37 MP: 5/5
  3801 | D:3      | Found a glowing golden altar of the Shining One.
  3829 | D:3      | Found a sparkling altar of Nemelex Xobeh.
  4602 | D:4      | Reached XP level 5. HP: 8/44 MP: 6/6
  4614 | D:4      | Reached *** piety under Lugonu
  5050 | D:4      | Found a stormy altar of Qazlal.
  5095 | D:4      | Reached skill level 1 in Stealth
  5342 | D:4      | Learned a level 2 spell: Searing Ray
  5817 | D:5      | Entered Level 5 of the Dungeon
  5817 | D:5      | Noticed a lemure
  5817 | D:5      | Noticed a lemure
  5818 | D:5      | Noticed Pikel
  6136 | D:5      | Noticed a sky beast
  6139 | D:5      | Killed a sky beast
  6140 | D:5      | Reached XP level 6. HP: 51/51 MP: 7/7
  6154 | D:5      | Noticed Grinder
  6563 | D:5      | Found a burning altar of Makhleb.
  6662 | D:4      | HP: 1/51 [lemure[Pikel] (6)]
  6664 | D:4      | Slain by a lemure

Illustrated notes

Levels and vault maps discovered:
D:1:      onia_arrival_zoo_common, layout_basic, ebering_ecumenical_altar_hall
D:2:      layout_basic
D:3:      layout_rooms, mainiacjoe_overflow_concentric_impassable,
          mainiacjoe_overflow_chevrons, dreamdust_wishing_well,
          minmay_statues_item, grunt_decor_fettered, minmay_goblin_outpost
D:4:      layout_basic, amcnicky_altar_gilded
D:5:      nicolae_cairo_tiling_large_dashed, layout_basic,
          trog_three_pillars_becter, lemuel_doored_altar,
          nicolae_overflow_hidden_temple, bloody_makhleb,
          minmay_temple_entry_metal_lava, serial_curves, eino_curves_03,
          eino_curves_02, uniq_pikel, uniq_ijyb, uniq_grinder

Skill      XL: |  1  2  3  4  5 |
---------------+----------------+-----
Dodging        | 1 |  1.7
Long Blades    | 3 4 |  4.5
Armour         | 2 3 |  3.1
Stealth        | 1 |  1.1
Fighting       | 4 |  4.2
Throwing       | |  0.1
Spellcasting   | |  0.9
Invocations    | |  2.2
Evocations     | |  0.3

Action                   |  1- 3 |  4- 6 || total
-------------------------+-------+-------++-------
Melee: Falchion          |   138 |   127 ||   265
       Tailslap          |    13 |    12 ||    25
       Punch             |     1 |     1 ||     2
Throw: Dart              |     1 |     2 ||     3
       Boomerang         |       |     5 ||     5
Invok: Depart the Abyss  |     1 |       ||     1
 Abil: Rolling Charge    |     2 |     1 ||     3
Evoke: Wand              |       |     7 ||     7
  Use: Potion            |       |     2 ||     2
       Scroll            |       |     7 ||     7
Armor: Leather armour    |    50 |       ||    50
       Scale mail        |    42 |    86 ||   128
Dodge: Dodged            |    85 |    80 ||   165

Table legend: (Time is in decaauts)
 A = Elapsed time spent in this place.
 B = Non-inter-level travel time spent in this place.
 C = Inter-level travel time spent in this place.
 D = Time resting spent in this place.
 E = Time spent auto-exploring this place.
 F = Levels seen in this place.
 G = Mean time per level.
                   A        B        C        D        E       F      G
               +--------+--------+--------+--------+--------+-----+--------+
         Total |   6710 |   6493 |    217 |   1704 |   3464 |   7 |  958.6 |
       Dungeon |   6626 |   6409 |    217 |   1704 |   3464 |   5 | 1325.2 |
         Abyss |     83 |     83 |      0 |      0 |      0 |   2 |   41.5 |
               +--------+--------+--------+--------+--------+-----+--------+

Top non-repeatable levels by time:
     D:4: 2079 daAuts
     D:2: 1689 daAuts
     D:1: 1671 daAuts
     D:3: 708 daAuts
     D:5: 477 daAuts
 Abyss:1: 63 daAuts
 Abyss:2: 20 daAuts
